 Dungeon Crawl Stone Soup version 0.25.0-10-g039870ee82 (webtiles) character file.

Game seed: 13709642949368588367

(classic levelgen) 117 EnegeticOcto the Chiller (level 4, 0/30 HPs)
             Began as a Vampire Ice Elementalist on June 23, 2020.
             Killed from afar by an orc wizard (7 damage)
             ... with a puff of flame
             ... on level 3 of the Dungeon.
             The game lasted 00:04:28 (526 turns).

EnegeticOcto the Chiller (Vampire Ice Elementalist)  Turns: 526, Time: 00:04:29

Health: 0/30       AC:  3    Str:  7    XL:     4   Next: 71%
Magic:  0/7        EV: 12    Int: 18    God:
Gold:   36         SH:  0    Dex: 14    Spells: 3/7 levels left

rFire    x . .     SeeInvis +   f - 46 arrows
rCold    + . .     Gourm    .   (no shield)
rNeg     . . .     Faith    .   a - +0 robe
rPois    .         Spirit   .   (no helmet)
rElec    .         Reflect  .   h - +0 cloak
rCorr    .         Harm     .   (no gloves)
MR       .....                  (no boots)
Stlth    ++........             p - amulet of inaccuracy (curse)
HPRegen  0.30/turn              g - ring of ice
MPRegen  0.10/turn              (no ring)

@: flying, regenerating quickly
A: no food, fangs 3, talons 1, see invisible, unbreathing, evolution 1
a: Exsanguinate


You were on level 3 of the Dungeon.
You were alive.

You visited 1 branch of the dungeon, and saw 3 of its levels.

You collected 36 gold pieces.

Inventory:

Missiles
 f - 46 arrows (in hand)
Armour
 a - a +0 robe (worn)
 h - a +0 cloak (worn)
 o - a +0 pair of gloves
Jewellery
 g - a ring of ice (left hand)
 p - a cursed amulet of inaccuracy (around neck)
Wands
 i - a wand of flame (19) {@v4}
Scrolls
 b - a scroll of identify {@r1}
 c - a scroll of immolation {unknown}
 d - a scroll of remove curse {unknown}
 j - a scroll of amnesia {unknown}
 l - a scroll of enchant weapon {unknown}
 n - a scroll of teleportation {unknown}
Potions
 e - a potion of degeneration


   Skills:
 - Level 2.1 Dodging
 - Level 3.0 Stealth
 - Level 2.0 Spellcasting
 + Level 6.1 Ice Magic


You had 3 spell levels left.
You knew the following spells:

 Your Spells              Type           Power        Failure   Level  Hunger
a - Freeze                Ice            ####         1%          1    N/A
b - Frozen Ramparts       Ice            #####.       4%          3    N/A

Your spell library contained the following spells:

 Spells                   Type           Power        Failure   Level  Hunger
 Ozocubu's Armour         Chrm/Ice       ###.....     16%         3    N/A
 Hailstorm                Conj/Ice       ###.....     45%         4    N/A
 Summon Ice Beast         Ice/Summ       ###.....     45%         4    N/A

Dungeon Overview and Level Annotations

Branches:
Dungeon (3/15)

Altars:


Innate Abilities, Weirdness & Mutations

You do not eat.
Your natural rate of healing is unusually fast.
You have razor-sharp teeth.
You have supernaturally acute eyesight. (SInv)
You can survive without breathing.
You have sharp toenails.
You evolve.


Message History

You see here a pair of gloves.
o - a pair of gloves The rat barely misses you.
Casting: Freeze (safe; 1% risk of failure)
Confirm with . or Enter, or press ? or * to list all spells.
The spell is quite dangerous to cast (6% risk of failure)!
Continue anyway?
You feel a surge of power!
The walls around you are covered in ice.
The wall freezes the hobgoblin.
The wall freezes the rat.
You kill the rat!
You swing at nothing.
The wall freezes the hobgoblin.
You kill the hobgoblin!
Found a ration and a kite shield.
Found 9 gold pieces.
A hobgoblin comes into view.
You see here a mace.
You see here a dented amethyst amulet.
p - a dented amethyst amulet Oops, that amulet feels deathly cold.
p - a cursed amulet of inaccuracy (around neck)
Okay, then.
As you read the scroll labeled PIMMA SOMUAM, it crumbles to dust.
It is a scroll of identify.
f - a potion of degeneration;
e - a potion of degeneration
f - 46 arrows (in hand) Drop what? 16/52 slots (_ for help) (? for menu, Esc to quit)
Okay, then.
An orc comes into view. It is wielding a +0 hand axe.
The frozen ramparts melt away.
An orc and an orc wizard come into view. 2 orc priests come into view.
The orc priest shouts!
The orc wizard shouts!
The orc shouts!
The orc priest begins to cast a cantrip, but forgets the words!
The orc shouts!
A goblin comes into view. It is wielding a +0 dagger of draining.
The orc priest shouts!
A hobgoblin comes into view. It is wielding a +0 club.
The orc wizard casts a spell at you. The puff of flame misses you.
A hobgoblin comes into view.
Casting: Frozen Ramparts (quite dangerous; 6% risk of failure)
Confirm with . or Enter, or press ? or * to list all spells.
The spell is quite dangerous to cast (6% risk of failure)!
Continue anyway?
You feel a surge of power!
The walls around you are covered in ice.
The wall freezes the orc!
You kill the orc!
The orc priest calls down the wrath of Beogh upon you.
Beogh smites you!
Ouch! That really hurt!
The wall freezes the hobgoblin!
You kill the hobgoblin!
You swing at nothing.
The wall freezes the hobgoblin!
You kill the hobgoblin!
The wall freezes the hobgoblin!
You kill the hobgoblin!
You swing at nothing.
You swing at nothing.
The wall freezes the orc priest.
The orc priest misses you.
The wall freezes the orc priest.
The wall freezes the orc priest!
The orc priest hits you with a cursed -1 falchion.
You swing at nothing.
The wall freezes the orc priest!
You kill the orc priest!
You have reached level 4!
You swing at nothing.
The frozen ramparts melt away.
The orc priest hits you with a +0 hand axe!
* * * LOW HITPOINT WARNING * * *
Casting: Frozen Ramparts (dangerous; 4% risk of failure)
Confirm with . or Enter, or press ? or * to list all spells.
Aiming: Freeze (safe; 1% risk of failure)
Press: ? - help, Shift-Dir - straight line, f - orc priest
Aim: an orc priest, wielding a +0 hand axe (moderately wounded)
You feel a surge of power!
You freeze the orc priest.
The orc priest is heavily wounded.
It was a potion of mutation.
You feel extremely strange.
Your toenails lengthen and sharpen.
You feel nature experimenting on you.
Don't worry, failures die fast.
The orc priest closely misses you.
It was a potion of flight.
You feel very buoyant.
You fly up into the air.
The orc wizard barely misses you.
The orc wizard casts a spell.
The orc wizard flickers and vanishes for a moment.
Casting: Freeze (safe; 1% risk of failure)
Confirm with . or Enter, or press ? or * to list all spells.
Aiming: Freeze (safe; 1% risk of failure)
Press: ? - help, Shift-Dir - straight line, f/p - orc priest
Aim: an orc priest, wielding a +0 hand axe (heavily wounded)
You feel a surge of power!
You freeze the orc priest!
You kill the orc priest!
Your Ice Magic skill increases to level 6!
An adder comes into view.
Found a scroll labeled YDDEDI LIARR.
The adder hisses angrily.
The orc wizard hits you with a +0 dagger.
* * * LOW HITPOINT WARNING * * *
You see here a mace.
The orc wizard points at you and mumbles some strange words.
The puff of flame hits you! The fire burns you terribly!
You die...

.. #..........# ...
#..........## ...
#.#.[.......## ##.#
#.............
#...####o........# .>.
#........g......## ..$.
#.#..)#####.%....## #....
#..).)##........###.....
#....###.##.)@.###..........
...... #..o.##...o.#.......♣♣♣
#.............####..........♣≈♣
#.#................#...........
. ......$..S................≈.≈
.######......####..........♣♣♣
#.........(............♣
#......#................
#.?....#####............


You could see an orc wizard (invisible) and an orc (wandering).

Vanquished Creatures
  2 orc priests (D:3)
  3 adders (D:2)
  A worm (D:3)
  2 leopard geckos (D:2)
  An orc (D:3)
  4 goblins
  5 hobgoblins
  4 jackals
  2 bats
  4 kobolds
  A rat (D:3)
29 creatures vanquished.

Notes
Turn   | Place    | Note
-------+----------+-------------------------------------------
     0 | D:1      | EnegeticOcto the Vampire Ice Elementalist began the quest
                  | for the Orb.
     0 | D:1      | Reached XP level 1. HP: 13/13 MP: 3/3
   173 | D:2      | Reached XP level 2. HP: 19/19 MP: 0/5
   351 | D:2      | Reached skill level 5 in Ice Magic
   351 | D:2      | Reached XP level 3. HP: 20/24 MP: 2/6
   397 | D:1      | Learned a level 3 spell: Frozen Ramparts
   515 | D:3      | Reached XP level 4. HP: 12/30 MP: 1/7
   518 | D:3      | Gained mutation: You have sharp toenails. [potion of
                  | mutation]
   518 | D:3      | Gained mutation: You evolve. [potion of mutation]
   521 | D:3      | Reached skill level 6 in Ice Magic
   526 | D:3      | Killed from afar by an orc wizard

Illustrated notes

Levels and vault maps discovered:
D:1:      onia_arrival_mini_maze_b, layout_rooms, serial_corexii_hall,
          chequers_hall_statues_wall_a, corexii_hall_statues_s, st_stairs_10
D:2:      minmay_skewed_foursquare, layout_basic, minmay_lizard_king
D:3:      layout_rooms, first_ration, serial_bayou_crossing, uniq_ijyb

Skill      XL: |  1  2  3  4 |
---------------+-------------+-----
Ice Magic      | 5 6 |  6.1
Dodging        | |  2.1
Stealth        | |  3.0
Spellcasting   | |  2.0

Action                   |  1- 3 |  4- 6 || total
-------------------------+-------+-------++-------
Melee: Unarmed           |     3 |       ||     3
 Cast: Freeze            |    20 |     2 ||    22
       Frozen Ramparts   |     4 |       ||     4
  Use: Scroll            |     1 |       ||     1
       Potion            |       |     2 ||     2
Armor: Robe              |    19 |       ||    19
Dodge: Dodged            |    41 |     2 ||    43
